 Dungeon Crawl Stone Soup version 0.18.1-48-g4cf74bf (webtiles) character file.

179 Dickchan the Grave Robber (level 5, -1/35 HPs)
             Began as a Vampire Necromancer on Aug 26, 2016.
             Slain by a quokka (4 damage)
             ... on level 3 of the Dungeon.
             The game lasted 00:08:34 (2270 turns).

Dickchan the Grave Robber (Vampire Necromancer)     Turns: 2270, Time: 00:08:35

Health: -1/35      AC:  0    Str:  7    XL:     5   Next: 33%
Magic:  0/9        EV: 20    Int: 18    God:
Gold:   95         SH:  0    Dex: 20    Spells: 2 memorised, 5 levels left

rFire  . . .     SeeInvis +     (weapon currently unavailable)
rCold  . . .     Gourm    .     (armour currently unavailable)
rNeg   + . .     Faith    .     (shield currently unavailable)
rPois  .         Spirit   .     (helmet currently unavailable)
rElec  .         Dismiss  .     (cloak currently unavailable)
rCorr  .         Reflect  .     (gloves currently unavailable)
SustAt .         Harm     .     (boots currently unavailable)
MR     .....                    (no amulet)
Stlth  +++.......               (ring currently unavailable)
                                (ring currently unavailable)

@: lethally poisoned (-1 -> -5), bat-form, flying, very quick, not resistant to
hostile enchantments, fairly stealthy
A: fangs 3, see invisible, (unbreathing)
a: End Transformation


You were on level 3 of the Dungeon.
You were not thirsty.
You were in vampire-bat-form.
You visited 1 branch of the dungeon, and saw 3 of its levels.

You collected 95 gold pieces.

Inventory:

Armour
 a - a +1 robe (melded)
Jewellery
 g - an uncursed amulet of the gourmand {unknown}
Wands
 m - a wand of disintegration (12/24)
Scrolls
 e - 3 scrolls of teleportation {unknown}
Potions
 c - 2 potions of blood
 f - a potion of cancellation
 o - a potion of flight {unknown}
Books
 b - a book of Necromancy

   Spells                             Type                      Level
   a - Pain                           Necromancy                   1
   b - Animate Skeleton               Necromancy                   1
   c - Vampiric Draining              Necromancy                   3
   d - Regeneration                   Charms/Necromancy            3
   e - Animate Dead                   Necromancy                   4
   f - Control Undead                 Necromancy                   4


   Skills:
 - Level 2.1 Dodging
 - Level 3.1 Stealth
 + Level 3.3 Spellcasting
 * Level 6.5 Necromancy


You had 5 spell levels left.
You knew the following spells:

 Your Spells              Type           Power        Failure   Level  Hunger
a - Pain                  Necr           ####         1%          1    None
b - Animate Dead          Necr           N/A          14%         4    ####...


Dungeon Overview and Level Annotations

Branches:
Dungeon (3/15)

Altars:
Sif Muna

Annotations:
D:3 PossumBlood's ghost, amateur FoFi; Robin


Innate Abilities, Weirdness & Mutations

You have razor-sharp teeth.
You have supernaturally acute eyesight.
((You can survive without breathing.))


Message History

The gnoll shouts!
The gnoll moves out of view.
The quokka misses you.
You feel sick. The quokka bites you.
* * * LOW HITPOINT WARNING * * *
The goblin no longer looks unusually strong.
The quokka bites you.
* * * LOW HITPOINT WARNING * * *
The worker ant completely misses you.
You feel sick. The quokka misses you.
You turn into a vampire bat.
Your +1 robe melds into your body.
Robin throws the goblin at you! The quokka barely misses you.
The goblin hits you with a club.
* * * LOW HITPOINT WARNING * * *
Unknown command.
You can't do that in your present form.
You hit the goblin but do no damage.
Robin roars a battlecry!
The goblins go into a battle-frenzy!
The quokka bites you.
You die...

##########
#gg.gg.g.# **
#####.######.# *,
#...gag.ggg.)# *,
#.###r#####.g# **,
#.#
#b#****,.#******,,
#.#
#g#*,,,,..,,,,,,,,
#.#
#.#*,**,.#**,*,,,,
#(#
#.#*,**,g#**,,,,,,
#.#
#>#*,**,,,,,,,,,,,
#.#
#.#*,***,********,
#.# #..,,,,,,* **
#.# ###*,***** #.#
*,*


You could see a worker ant, Robin, 2 gnolls, a quokka, a hobgoblin and a goblin.

Vanquished Creatures
  An orc wizard (D:3)
  8 adders
  A worm (D:3)
  A dart slug (D:1)
  A giant gecko (D:1)
  3 orcs
  5 giant cockroaches
  12 goblins
  10 hobgoblins
  9 kobolds
  A quokka (D:2)
  10 bats
  8 rats
70 creatures vanquished.

Vanquished Creatures (others)
  4 toadstools (D:1)
4 creatures vanquished.

Grand Total: 74 creatures vanquished

Notes
Turn   | Place    | Note
--------------------------------------------------------------
     0 | D:1      | Dickchan the Vampire Necromancer began the quest for the Orb.
     0 | D:1      | Reached XP level 1. HP: 13/13 MP: 3/3
   221 | D:1      | Reached XP level 2. HP: 14/19 MP: 0/5
   446 | D:1      | Reached skill level 5 in Necromancy
   699 | D:2      | Reached XP level 3. HP: 22/24 MP: 2/6
  1211 | D:2      | Reached XP level 4. HP: 29/30 MP: 6/8
  1227 | D:2      | Learned a level 4 spell: Animate Dead
  1310 | D:2      | Found a deep blue altar of Sif Muna.
  1601 | D:3      | Reached skill level 6 in Necromancy
  1700 | D:3      | Reached XP level 5. HP: 27/35 MP: 5/9
  1980 | D:3      | Noticed PossumBlood's ghost (amateur FoFi)
  2246 | D:3      | Noticed Robin
  2270 | D:3      | Slain by a quokka

Skill      XL: |  1  2  3  4 |
---------------+-------------+-----
Necromancy     | 5 6 |  6.5
Spellcasting   | 3 |  3.3
Dodging        | |  2.1
Stealth        | |  3.1

Action                   |  1- 3 |  4- 6 || total
-------------------------+-------+-------++-------
Melee: Unarmed           |    26 |     3 ||    29
       Bite              |     2 |       ||     2
 Cast: Pain              |    59 |    67 ||   126
       Animate Dead      |       |     2 ||     2
 Abil: Bat Form          |       |     1 ||     1
Evoke: Wand              |       |     1 ||     1
  Use: Scroll            |       |     6 ||     6
       Potion            |       |     2 ||     2
  Eat: Corpse            |     7 |     1 ||     8
Armor: Robe              |    16 |     6 ||    22
Dodge: Dodged            |    45 |    28 ||    73
